 Dungeon Crawl Stone Soup version 0.27-a0-998-g4cfe56dd59 (webtiles) character file.

Game seed: 18035533772144747660

119 shoop the Chopper (level 4, -1/37 HPs)
             Began as a Palentonga Abyssal Knight on Apr 16, 2021.
             Was a Believer of Lugonu.
             Slain by a gnoll
             ... wielding a +2 vorpal spear
              (6 damage)
             ... on level 3 of the Dungeon.
             The game lasted 00:05:04 (3421 turns).

shoop the Chopper (Palentonga Abyssal Knight)       Turns: 3421, Time: 00:05:04

Health: -1/37      AC:  6    Str: 16    XL:     4   Next: 74%
Magic:  6/6        EV:  9    Int: 12    God:    Lugonu [**....]
Gold:   87         SH:  5    Dex: 10    Spells: 3/3 levels left

rFire    + + +     SeeInvis +   a - +1 hand axe
rCold    + + +     Faith    .   (no shield)
rNeg     . . .     Spirit   .   n - +2 robe {rC+}
rPois    +         Reflect  +   (no helmet)
rElec    +         Harm     .   m - scarf {rC+ rF+}
rCorr    +         Rampage  .   (no gloves)
Will     .....                  (no barding)
Stlth    +.........             d - amulet of reflection
HPRegen  0.12/turn              l - ring of protection from fire
MPRegen  0.10/turn              (no ring)

@: brilliant, resistant
A: large, rugged brown scales 3, see invisible, deformed body, roll 1, armoured
tail
a: Rolling Charge, Renounce Religion, Depart the Abyss, Bend Space


You were on level 3 of the Dungeon.
You worshipped Lugonu.
Lugonu was pleased with you.
You visited 1 branch of the dungeon, and saw 3 of its levels.
You visited the Abyss 1 time.

You collected 87 gold pieces.

Inventory:

Hand Weapons
 a - a +1 hand axe (weapon)
Armour
 b - a +0 leather armour
 m - a scarf of resistance (worn)
 n - a +2 robe of cold resistance (worn)
Jewellery
 d - an amulet of reflection (around neck)
 l - a ring of protection from fire (left hand)
Scrolls
 e - a scroll of enchant armour {unknown}
 f - a scroll of vulnerability {unknown}
 g - a scroll of blinking {unknown}
 h - 2 scrolls of amnesia {unknown}
 k - a scroll of fear {unknown}
 o - 3 scrolls of teleportation {unknown}
 p - a scroll of immolation {unknown}
 r - a scroll of identify {unknown}
Potions
 c - a potion of ambrosia {unknown}
 q - a potion of degeneration {unknown}


   Skills:
 - Level 3.0 Fighting
 * Level 4.5 Axes
 - Level 1.5 Armour
 - Level 0.7 Dodging
 + Level 3.0 Invocations


You had 3 spell levels left.
You didn't know any spells.
Your spell library was empty.

Dungeon Overview and Level Annotations

Branches:
Dungeon (3/15)

Altars:
Vehumet


Innate Abilities, Weirdness & Mutations

You are completely covered in rugged brown scales. (AC +3, +7% HP)
You have supernaturally acute eyesight. (SInv)
Armour fits poorly on your strangely shaped body.
You can roll at nearby foes to attack.
You have a long armoured tail.


Message History

Roll where?
Press: ? - help, Dir - move target, f - gnoll
Aim: a gnoll, wielding a +0 halberd You roll forward with a clatter of scales!
You barely miss the gnoll. The gnoll barely misses you.
Unknown command.
You barely miss the gnoll. The gnoll hits you with a +0 halberd.
You closely miss the gnoll.
You tail-slap the gnoll, but do no damage.
The gnoll barely misses you.
You slash the gnoll!
The gnoll is heavily wounded.
A gnoll comes into view. It is wielding a +0 flail.
The gnoll closely misses you.
You hit the gnoll.
The gnoll is severely wounded.
The gnoll hits you from afar with a +2 vorpal spear.
The gnoll hits you with a +0 halberd!
You hit the gnoll.
You kill the gnoll!
Lugonu accepts your kill. The gnoll barely misses you.
Your Invocations skill increases to level 3!
You see here a rat corpse.
The gnoll hits you from afar with a +2 vorpal spear!
* * * LOW HITPOINT WARNING * * *
Roll where?
Press: ? - help, Dir - move target, f - gnoll
Aim: a gnoll, wielding a +2 vorpal spear You roll forward with a clatter of scales!
You barely miss the gnoll.
Your tail-slap misses the gnoll.
The gnoll hits you with a +2 vorpal spear.
* * * LOW HITPOINT WARNING * * *
x2 It was a potion of brilliance.
You feel clever all of a sudden. You block the gnoll's attack.
It was a potion of resistance.
You feel protected.
The gnoll hits you with a +2 vorpal spear.
You die...

#.#######.# ####
#.#...)...#
#..#####.#.#####.# ##
#..........# #.#######.
###### #.######.###
#......... .....####.#
#.# #####.####
##........# #.# #.#
#.)g###### #°# #.# ##..#
#@# #.# ###..# #g# #.#
...>.# #g# #.#
####.###########.# #..
......>..........########
#..
####.#.######..)...g.)..#
#.# ####.#.#
#...#######.# .....# #
##### ######


You could see 2 gnolls.

Vanquished Creatures
  Jessica (D:2)
  2 gnolls (D:3)
  3 adders
  An orc (D:3)
  4 endoplasms
  3 goblins
  5 hobgoblins
  5 jackals
  2 quokkas
  9 ball pythons
  2 bats (D:1)
  2 frilled lizards
  4 kobolds
  2 rats
45 creatures vanquished.

Vanquished Creatures (others)
  A fungus (D:1)
  3 plants (D:2)
4 creatures vanquished.

Grand Total: 49 creatures vanquished

Notes
Turn   | Place    | Note
-------+----------+-------------------------------------------
     0 | Abyss:1  | shoop the Palentonga Abyssal Knight began the quest for the
                  | Orb.
     0 | Abyss:1  | Reached XP level 1. HP: 19/19 MP: 2/2
    75 | D:1      | Escaped the Abyss
   766 | D:1      | Reached XP level 2. HP: 25/25 MP: 3/3
   860 | D:1      | Found a faded altar of an unknown god.
  1134 | D:1      | Reached skill level 3 in Axes
  1348 | D:1      | Reached ** piety under Lugonu
  1797 | D:2      | Reached XP level 3. HP: 24/31 MP: 4/4
  1889 | D:2      | Found a radiant altar of Vehumet.
  2372 | D:2      | Noticed Jessica
  2386 | D:2      | Killed Jessica
  2387 | D:2      | Reached skill level 4 in Axes
  2387 | D:2      | Reached XP level 4. HP: 18/37 MP: 5/5
  3421 | D:3      | Slain by a gnoll

Illustrated notes

Levels and vault maps discovered:
D:1:      dpeg_arrival_water_fire, layout_loops_corners,
          hellmonk_ecumenical_altar_inner_sanctum, minmay_splitting_lines
D:2:      layout_rooms, basic_altar, minmay_misc_feat_five,
          guppyfry_early_lair_pool, uniq_jessica
D:3:      layout_loops_ring, beargit_hepliaklqana_dungeon_heroes,
          saegor_snake_ambush

Skill      XL: |  1  2  3  4 |
---------------+-------------+-----
Axes           | 3 4 |  4.5
Invocations    | 3 |  3.0
Fighting       | |  3.0
Armour         | |  1.5
Dodging        | |  0.7

Action                   |  1- 3 |  4- 6 || total
-------------------------+-------+-------++-------
Melee: Hand axe          |   121 |    27 ||   148
       Tailslap          |     6 |     5 ||    11
Invok: Bend Space        |     1 |       ||     1
 Abil: Rolling Charge    |     5 |     3 ||     8
  Use: Potion            |     2 |     2 ||     4
 Stab: Distracted        |       |     1 ||     1
Armor: Leather armour    |    37 |       ||    37
       Skin              |    24 |       ||    24
       Robe              |       |     5 ||     5
Dodge: Dodged            |    38 |    13 ||    51
Block: Other             |    23 |     7 ||    30

Table legend: (Time is in decaauts)
 A = Elapsed time spent in this place.
 B = Non-inter-level travel time spent in this place.
 C = Inter-level travel time spent in this place.
 D = Time resting spent in this place.
 E = Time spent auto-exploring this place.
 F = Levels seen in this place.
 G = Mean time per level.
                   A        B        C        D        E       F      G
               +--------+--------+--------+--------+--------+-----+--------+
         Total |   3444 |   3387 |     57 |    164 |   2792 |   4 |  861.0 |
       Dungeon |   3365 |   3308 |     57 |    164 |   2738 |   3 | 1121.7 |
         Abyss |     79 |     79 |      0 |      0 |     54 |   1 |   79.0 |
               +--------+--------+--------+--------+--------+-----+--------+

Top non-repeatable levels by time:
     D:1: 1705 daAuts
     D:2: 1101 daAuts
     D:3: 559 daAuts
 Abyss:1: 79 daAuts
